 Dungeon Crawl Stone Soup version 0.30.0-29-ga12c61a403 (webtiles) character file.

Game seed: 4363422394852613711

17 7w4c the Trooper (level 2, -2/27 HPs)
             Began as a Hill Orc Fighter on June 13, 2023.
             Slain by an ogre
             ... wielding a +0 giant club
              (17 damage)
             ... on level 3 of the Dungeon.
             The game lasted 00:09:22 (960 turns).

7w4c the Trooper (Hill Orc Fighter)                  Turns: 960, Time: 00:09:22

Health: -2/27      AC: 16    Str: 18    XL:     2   Next: 62%
Magic:  2/2        EV:  7    Int:  8    God:
Gold:   52         SH:  4    Dex: 10    Spells: 1/1 levels left

rFire   . . .        h - +0 flail
rCold   . . .        c - +0 buckler
rNeg    . . .        n - +6 chain mail of the Kettle-Drum {Slay+2}
rPois   .            f - +0 helmet
rElec   .            (no cloak)
rCorr   .            (no gloves)
SInv    .            (no boots)
Will    .....        (no amulet) Stlth
                     (no ring)
HPRegen 0.24/turn    (no ring)
MPRegen 0.08/turn

%: no passive effects
@: no status effects
A: no striking features
a: no special abilities


You were on level 3 of the Dungeon.
You visited 1 branch of the dungeon, and saw 3 of its levels.

You collected 52 gold pieces.

Inventory:

Hand Weapons
 h - a +0 flail (weapon)
Armour
 c - a +0 buckler (worn)
 f - a +0 helmet (worn)
 n - the +6 chain mail of the Kettle-Drum (worn) {Slay+2}
   (You found it on level 3 of the Dungeon)

   Slay:      It affects your accuracy & damage with ranged weapons and melee
   (+2).
Scrolls
 j - 2 scrolls of blinking {unknown}
 l - a scroll of fog {unknown}
Potions
 a - a potion of brilliance {unknown}
 b - a potion of attraction {unknown}
 d - a potion of might
 g - 3 potions of curing {unknown}
 k - a potion of degeneration {unknown}
 m - a potion of mutation {unknown}


   Skills:
 + Level 3.8 Fighting
 + Level 2.2 Short Blades
 + Level 3.7 Armour
 + Level 3.6 Shields


You had one spell level left.
You didn't know any spells.
Your spell library was empty.

Dungeon Overview and Level Annotations

Branches:
Dungeon (3/15)

Altars:


Message History

Found a blue potion.
There is an open door here.
You hit the frilled lizard.
You kill the frilled lizard!
You see here a frilled lizard corpse.
a - a blue potion
Found a stone staircase leading down.
There is a stone staircase leading down here.
Found a scroll of identify.
b - a scroll of identify
As you read the scroll of identify, it crumbles to dust.
i - a scroll of noise You drop a scroll of noise.
Found a stone staircase leading up.
Found 6 stones.
Found a scroll labelled QIOHAS QOJEZOU.
Found a clear potion.
j - 2 scrolls labelled QIOHAS QOJEZOU (gained 1)
b - a clear potion An ogre comes into view.
It is wielding a +0 giant club.
The ogre shouts!
A giant cockroach comes into view.
A gnoll comes into view. It is wielding a +0 flail.
Found a stone staircase leading down.
The gnoll shouts!
The ogre closely misses you.
A giant cockroach comes into view.
You block the giant cockroach's attack. The ogre attacks as you move away!
The ogre hits you with a +0 giant club! The giant cockroach barely misses you.
You barely miss the gnoll.
The giant cockroach completely misses you.
The gnoll barely misses you. The ogre barely misses you.
The giant cockroach bites you but does no damage.
You sock the ogre!
The ogre is moderately wounded.
The giant cockroach bites you but does no damage.
You block the gnoll's attack. The ogre hits you with a +0 giant club!
Ouch! That really hurt!
You die...

# #.# *,,,,,,,,* **,** # #.#
####.##..,,,* *,* # ####.#
##........,,** *,* #....#
#...,....>*** **+** #.####
#..##....,** **,,,* ###.####
#..#....,,,* **,,,,, .......##
#...B#*,**,****,,,,,,
.##.#...#####..Bg#,*,*,,**,,,,,,,
.+<.(..........O@#,,,*,,,+,,,,,,,
.##......####....#,,,*,,,*,,,,,,,
######.#.# ##...#*,**,,,**,,,,,,
..,,...#.# ###...#,,,*****,,,,,
########.# ###...*** **,,,* #.#
*#.#* **+** #.# *.# *,* #.#
****,#* *****,* *.# *,,,,,*
*,,,*,**


You could see an ogre, a gnoll and 2 giant cockroaches.

Vanquished Creatures
  2 endoplasms
  2 goblins
  3 hobgoblins
  A quokka (D:1)
  2 ball pythons (D:1)
  A bat (D:2)
  A frilled lizard (D:3)
  2 kobolds (D:2)
  2 rats
16 creatures vanquished.

Notes
Turn   | Place    | Note
-------+----------+-------------------------------------------
     0 | D:1      | 7w4c the Hill Orc Fighter began the quest for the Orb.
     0 | D:1      | Reached XP level 1. HP: 19/19 MP: 1/1
   170 | D:1      | Reached XP level 2. HP: 26/26 MP: 2/2
   819 | D:3      | Identified the +6 chain mail of the Kettle-Drum {Slay+2}
   953 | D:3      | Noticed an ogre
   960 | D:3      | Slain by an ogre

Illustrated notes

Levels and vault maps discovered:
D:1:      minmay_arrival_plants_in_alcoves, layout_loops_ring,
          hellmonk_ecumenical_altar_arch_garden
D:2:      minmay_evil_eye, layout_rooms
D:3:      layout_loops_corners, minmay_distorted

Action                     || total
---------------------------++-------
  Melee: Rapier            ||    24
         Flail             ||    24
    Use: Scroll            ||     3
 Armour: Scale mail        ||    30
         Chain mail        ||     2
  Dodge: Dodged            ||    24
  Block: Buckler           ||    14
